 Dungeon Crawl Stone Soup version 0.17.1-2-g5865329 (webtiles) character file.

714 Jerry the Ducker (level 7, -2/48 HPs)
             Began as an Octopode Wizard on Feb 10, 2016.
             Engulfed by a cloud of steam (11 damage)
             ... on level 4 of the Dungeon.
             The game lasted 00:30:02 (4774 turns).

Jerry the Ducker (Octopode Wizard)                  Turns: 4774, Time: 00:30:02

Health: -2/48      AC:  1    Str:  8    XL:     7   Next: 69%
Magic:  11/11      EV: 14    Int: 20    God:
Gold:   138        SH:  4    Dex: 11    Spells: 1 memorised, 11 levels left

rFire  . . .     SeeInvis .     m - +2 spear (distort)
rCold  . . .     Clarity  .     j - +0 buckler
rNeg   . . .     SustAt   .     a - +0 hat
rPois  .         Gourm    .     (no amulet)
rElec  .         Spirit   .     (no ring)
rCorr  .         Warding  .     (no ring)
rMut   .         Stasis   .     (no ring)
MR     .....                    (no ring)
Stlth  ++++......               (no ring)
                                (no ring)
                                (no ring)
                                (no ring)

@: about to teleport, not resistant to hostile enchantments, stealthy
A: almost no armour, amphibious, 8 rings, constrict 8, camouflage 1, gelatinous
body 1
a: no special abilities


You were on level 4 of the Dungeon.
You were not hungry.

You visited 1 branch of the dungeon, and saw 4 of its levels.
You also visited: Sewer.

You collected 138 gold pieces.

Inventory:

Hand Weapons
 h - a +0 club
 k - a +0 spear
 m - a +2 spear of distortion (weapon)
 q - a cursed -1 hand axe
 r - a +0 dagger of venom
Armour
 a - a +0 hat (worn)
 j - a +0 buckler (worn)
Scrolls
 l - 2 scrolls of remove curse
 o - a scroll of fog {unknown}
 s - 2 scrolls of identify {unknown}
 w - a scroll of immolation {unknown}
Potions
 f - a potion of lignification {unknown}
 g - 4 potions of brilliance {unknown}
 n - a potion of agility {unknown}
 p - a potion of might {unknown}
 t - a potion of curing {unknown}
 u - 3 potions of ambrosia {unknown}
 v - a potion of haste {unknown}
 x - 2 potions of flight {unknown}
 z - 2 potions of heal wounds {unknown}
Books
 b - a book of Minor Magic

   Spells                             Type                      Level
   a - Magic Dart                     Conjuration                  1
   b - Blink                          Translocation                2
   c - Call Imp                       Summoning                    2
   d - Repel Missiles                 Charms/Air                   2
   e - Slow                           Hexes                        2
   f - Conjure Flame                  Conjuration/Fire             3
   g - Mephitic Cloud                 Conjuration/Poison/Air       3
Comestibles
 c - 4 bread rations
 d - 6 fruits
 i - a meat ration
 A - 2 chunks of flesh


   Skills:
 + Level 4.2 Fighting
 + Level 4.9 Dodging
 - Level 2.6 Stealth
 - Level 4.0 Shields
 - Level 3.0 Spellcasting
 - Level 3.0 Conjurations
   Level 1.0 Summonings
   Level 1.0 Translocations


You had 11 spell levels left.
You knew the following spells:

 Your Spells              Type           Power        Failure   Level  Hunger
a - Magic Dart            Conj           ###.         4%          1    None


Dungeon Overview and Level Annotations

Branches:
Dungeon (4/15)
 Temple: D:4-7

Altars:
Xom


Innate Abilities, Weirdness & Mutations

You cannot wear most types of armour.
You are amphibious.
You can wear up to eight rings at the same time.
You can use your tentacles to constrict eight enemies at once.
Your skin changes colour to match your surroundings (Stealth).
Your rubbery body absorbs attacks (AC +1).


Message History

You feel less confused.
The orc wizard looks braver for a moment.
The orc wizard casts a spell at you. The puff of flame misses you.
The orc wizard closely misses you.
Read which item? (? for menu, Esc to quit)
As you read the scroll of teleportation, it crumbles to dust.
You feel strangely unstable.
The orc wizard splashes around in the water.
The orc wizard hits you but does no damage.
You hit the orc wizard. Your grab misses the orc wizard.
The orc wizard is heavily wounded.
The orc wizard blinks!
The orc wizard points at you and mumbles some strange words.
The puff of flame misses you. The orc wizard barely misses you.
The orc wizard splashes around in the water.
You hit the orc wizard. You grab the orc wizard. You squeeze the orc wizard!
You kill the orc wizard!
You hear a splash. x3
You are engulfed in a cloud of scalding steam.
You die...

..##.# ..##.# #.##.#
#..#.# #..#.# #####
#....# #...########
#.#..# #!.........#
#.#..# #..#######.#
#.#..####..#≈≈≈≈@#.#
#.#..##....#≈≈.≈)oo#
#.##[##....#≈≈≈≈≈#.#
#.##.##....#######.#
#...>##............#
###..)......###...##
.........#### #...#
###......# #...#
.........# ....#


You could see an orc wizard and an orc.

Vanquished Creatures
  2 orc priests
  6 orc wizards
  2 worker ants
  12 gnolls
  9 adders
  3 worms
  A giant gecko (D:1)
  19 orcs
  A ball python (D:4)
  7 bats
  6 giant cockroaches
  6 goblins
  4 hobgoblins
  16 jackals
  8 kobolds
  4 quokkas
  6 giant newts
  9 rats
121 creatures vanquished.

Vanquished Creatures (others)
  A big kobold (Sewer)
  An orc priest (D:4)
  A centaur skeleton (D:4)
  A ball python (D:4)
  A jackal (D:2)
5 creatures vanquished.

Grand Total: 126 creatures vanquished

Notes
Turn   | Place    | Note
--------------------------------------------------------------
     0 | D:1      | Jerry the Octopode Wizard began the quest for the Orb.
     0 | D:1      | Reached XP level 1. HP: 11/11 MP: 4/4
   174 | D:1      | Reached XP level 2. HP: 17/17 MP: 0/6
   554 | D:2      | Reached skill level 1 in Shields
   616 | D:2      | Found a shimmering altar of Xom.
   693 | D:2      | Reached XP level 3. HP: 9/21 MP: 3/7
  1420 | D:2      | Reached XP level 4. HP: 11/27 MP: 3/8
  2223 | D:3      | Reached XP level 5. HP: 22/31 MP: 6/9
  2669 | D:3      | Reached skill level 4 in Shields
  2878 | D:3      | Reached skill level 1 in Fighting
  2987 | D:3      | Reached XP level 6. HP: 38/38 MP: 2/10
  4003 | D:4      | Reached XP level 7. HP: 33/46 MP: 8/11
  4240 | D:4      | Found a glowing drain.
  4300 | Sewer    | Entered a sewer
  4714 | Sewer    | Found a white marble altar of Elyvilon.
  4774 | D:4      | Engulfed by a cloud of steam

Action                   |  1- 3 |  4- 6 |  7- 9 || total
-------------------------+-------+-------+-------++-------
Melee: Club              |     1 |       |       ||     1
       Spear             |    33 |    97 |    55 ||   185
 Cast: Magic Dart        |    58 |   150 |    33 ||   241
  Use: Scroll            |       |     4 |     1 ||     5
 Stab: Sleeping          |     2 |     1 |     1 ||     4
  Eat: Chunk             |     1 |     8 |     3 ||    12
